 Dungeon Crawl Stone Soup version 0.32-a0-314-g526f7d4993 (webtiles) character file.

Game seed: 16399862332983266274

1243 Bravepunisher the Spriggan-At-Arms (level 8, -2/30 (42) HPs)
             Began as a Spriggan Monk on Feb 15, 2024.
             Was a Believer of Okawaru.
             Killed by divine providence
             ... invoked by Jeremiah
              (13 damage)
             ... on level 6 of the Dungeon.
             The game lasted 00:23:58 (5139 turns).

Bravepunisher the Spriggan-At-Arms (Spriggan Monk)  Turns: 5139, Time: 00:24:04

HP:   -2/30 (42)    AC:  2    Str:  6 (9)  XL:     8   Next: 25%
MP:   15/15         EV: 20    Int: 11 (13) God:    Okawaru [**....]
Gold: 290           SH:  0    Dex: 22 (23) Spells: 7/7 levels left

rFire   x . .        u - +1 flail (heavy)
rCold   + + .        (no shield)
rNeg    . . .        a - +0 robe of the Saviour {rC+ rCorr Int+2}
rPois   +            c - melded +1 hat of Autumn {+Inv rElec Int-3 Stlth+}
rElec   +            (cloak currently unavailable)
rCorr   +            (gloves unavailable)
SInv    +            (boots unavailable)
Will    +....        (no amulet)
Stlth   ++           z - ring "Etetytwiss" {Ice rElec Str+2 Slay+2}
HPRegen 0.25/turn    (no ring)
MPRegen 0.14/turn

%: no passive effects
@: beast-form, on berserk cooldown, hasted and slowed, very heavily drained,
very quick
A: beast (slay +0), very small, no large weapons, unfitting armour, see
invisible, speed 3
a: Begin Untransformation, Renounce Religion, Heroism


You were on level 6 of the Dungeon.
You worshipped Okawaru.
Okawaru was pleased with you.
You were a hulking beast.
You visited 2 branches of the dungeon, and saw 8 of its levels.

You collected 290 gold pieces.

Inventory:

Hand Weapons
 u - a +1 heavy flail (weapon)
 A - a +3 morningstar
Armour
 a - the +0 robe of the Saviour (worn) {rC+ rCorr Int+2}
   (You found it on level 3 of the Dungeon)

   Int+2:     It affects your intelligence (+2).
   rC+:       It protects you from cold.
   rCorr:     It protects you from acid and corrosion.
 c - the +1 hat of Autumn (melded) {+Inv rElec Int-3 Stlth+}
   (You acquired it on level 5 of the Dungeon)

   Int-3:     It affects your intelligence (-3).
   rElec:     It insulates you from electricity.
   +Inv:      It lets you turn invisible.
   Stlth+:    It makes you more stealthy.
Jewellery
 z - the ring "Etetytwiss" (left hand) {Ice rElec Str+2 Slay+2}
   (You acquired it on level 5 of the Dungeon)

   [ring of ice]

   Ice:       It enhances your ice magic.
   Str+2:     It affects your strength (+2).
   Slay+2:    It affects your accuracy & damage with ranged weapons and melee
   (+2).
   rF-:       It makes you vulnerable to fire.
   rC+:       It protects you from cold.
   rElec:     It insulates you from electricity.
Talismans
 B - the beast talisman of the Evening Star (active) {rPois Dex+3 Slay+2}
   (You found it on level 3 of the Dungeon)

   [beast talisman]

   Dex+3:     It affects your dexterity (+3).
   Slay+2:    It affects your accuracy & damage with ranged weapons and melee
   (+2).
   rPois:     It protects you from poison
Wands
 d - a wand of digging (14)
Scrolls
 e - 2 scrolls of teleportation
 f - a scroll of brand weapon {unknown}
 h - a scroll of enchant armour
 i - 3 scrolls of revelation {unknown}
 j - 4 scrolls of identify {unknown}
 k - 3 scrolls of fog {unknown}
 l - a scroll of blinking {unknown}
 m - a scroll of summoning {unknown}
 n - 2 scrolls of enchant weapon {unknown}
 o - a scroll of fear {unknown}
 q - a scroll of amnesia {unknown}
 s - a scroll of poison {unknown}
 x - 3 scrolls of noise {unknown}
 y - 2 scrolls of vulnerability {unknown}
Potions
 p - a potion of resistance
 w - a potion of berserk rage


   Skills:
 + Level 4.7 Fighting
 - Level 3.2 Short Blades
 - Level 5.0 Dodging
 * Level 8.3 Invocations
 + Level 0.0 Shapeshifting


You had 7 spell levels left.
You didn't know any spells.
Your spell library was empty.

Dungeon Overview and Level Annotations

Branches:
Dungeon (7/15)             Temple (1/1) D:7

Altars:
Ashenzari
Cheibriados
Dithmenos
Elyvilon
Fedhas
Gozag
Hepliaklqana
Kikubaaqudgha
Makhleb
Nemelex Xobeh
Okawaru
Qazlal
Ru
Sif Muna
Uskayaw
Vehumet
Wu Jian
Xom
Yredelemnul
Zin
The Shining One

Shops:
D:4 [

Annotations:
D:4 Splishie's ghost, amateur GnWn
D:6 1 runed translucent door, 1 exclusion, Crazy Yiuf; Jeremiah


Innate Abilities, Weirdness & Mutations

You are a hulking beast.
Your limbs bulge with bestial killing power. (Slay +0)
You are very small and have problems with some larger weapons.
You are too small for most types of armour.
You have supernaturally acute eyesight. (SInv)
You cover ground extremely quickly. (Speed+++)


Message History

The butterfly disappears in a burst of colours!
Unknown command.
You miss the butterfly. You sock the butterfly!
You kill the butterfly!
The butterfly disappears in a burst of colours!
You are no longer berserk.
You are exhausted.
You feel yourself slow down.
The butterfly disappears in a burst of colours! x3
Unknown command.
The butterfly disappears in a burst of colours!
Okay, then.
The butterfly disappears in a burst of colours!
The butterfly disappears in a burst of colours!
The butterfly disappears in a burst of colours! x2
Your transformation is almost over.
The butterfly disappears in a burst of colours!
The white imp gestures at you. The puff of frost misses you.
Jeremiah hops!
Unknown command.
You hit the white imp but do no damage.
You feel less wooden.
The +1 hat of Autumn {+Inv rElec Int-3 Stlth+} unmelds from your body.
The +0 robe of the Saviour {rC+ rCorr Int+2} unmelds from your body.
You turn into a hulking beast.
The +1 hat of Autumn {+Inv rElec Int-3 Stlth+} melds into your body.
The butterfly disappears in a burst of colours! x2
The white imp hits you. The white imp freezes you. You resist.
The white imp closely misses you.
Unknown command.
You closely miss the white imp. The white imp misses you. x2
Unknown command.
You hit the white imp but do no damage.
The butterfly disappears in a burst of colours! x2
The white imp misses you.
Jeremiah throws their arms up pleadingly.
Something smites you!
You die...
Jeremiah asks, "Is it over?
Can I wake up now?"

#.........#........
##......###.#......
##.†.####..##...#
##.......#b.....##
#..#...#..#......##
...~~~~~..........####
.#~~~~~~~#...#.......#
.~~~~~~~~.bb##..5....#
..~~~.~~~.Fb....h....#
..~~~~~~~~.#....##...#
.#~~~~~~~#b.#....#...#
...~~~~~...#####..#.##
...#~..#...###....bb##
.................b...#
...................#.#
........##...#...#÷#.#
.......##....##.##.###


You could see Jeremiah and a white imp.

Vanquished Creatures
  Sigmund (D:2)
  2 black bears
  3 scorpions
  4 wights (D:6)
  2 hounds
  An orc priest (D:4)
  4 iguanas
  2 sleepcaps
  An orc wizard (D:4)
  A mummy (D:4)
  7 adders
  A white imp (D:6)
  4 dart slugs
  2 ribbon worms
  6 orcs
  9 ball pythons
  2 bats (D:1)
  7 endoplasms
  8 giant cockroaches
  3 goblins
  3 hobgoblins
  3 jackals (D:4)
  6 frilled lizards
  10 kobolds
  5 rats
97 creatures vanquished.

Notes
Turn   | Place    | Note
-------+----------+-------------------------------------------
     0 | D:1      | Bravepunisher the Spriggan Monk began the quest for the
                  | Orb.
     0 | D:1      | Reached XP level 1. HP: 11/11 MP: 2/2
   109 | D:2      | You fall into a shaft and drop 2 floors!
   134 | D:4      | Reached XP level 2. HP: 12/16 MP: 3/3
   171 | D:4      | Found Hocsothry's Antique Armour Emporium.
   184 | D:5      | Entered Level 5 of the Dungeon
   220 | D:4      | Found a transporter.
   220 | D:4      | Noticed Splishie's ghost (amateur GnWn)
   242 | D:4      | Found a transporter.
   304 | D:4      | Found a sand-covered staircase.
   323 | D:4      | Reached skill level 5 in Dodging
   386 | D:5      | Found an ornate altar of the Wu Jian Council.
   387 | D:5      | Found an opulent altar of Gozag.
   388 | D:5      | Found a radiant altar of Vehumet.
   398 | D:5      | Found a sparkling altar of Nemelex Xobeh.
   525 | D:5      | Identified a scroll of acquirement
   525 | D:5      | Acquired the +1 hat of Autumn {+Inv rElec Int-3 Stlth+}
   713 | D:6      | Noticed a kobold brigand
   713 | D:6      | Noticed a bombardier beetle
   714 | D:6      | Noticed an ogre
   747 | D:6      | Noticed a lemure
   780 | D:7      | Noticed an ice beast
   780 | D:7      | Noticed a wight
   780 | D:7      | Noticed a wight
   781 | D:7      | Found a staircase to the Ecumenical Temple.
   782 | D:7      | Noticed a wight
   790 | Temple   | Entered the Ecumenical Temple
   809 | Temple   | Became a worshipper of Warmaster Okawaru
   809 | Temple   | Reached * piety under Okawaru
   809 | Temple   | Reached ** piety under Okawaru
   897 | D:6      | Found a runed translucent door.
   898 | D:6      | Noticed Crazy Yiuf
   952 | D:5      | Noticed a black bear
   981 | D:5      | Reached XP level 3. HP: 12/19 MP: 4/4
   995 | D:3      | Identified the +0 ring mail of Esmypt {Str+5}
  1026 | D:2      | Reached skill level 1 in Invocations
  1204 | D:2      | Noticed Sigmund
  1228 | D:2      | Killed Sigmund
  1229 | D:2      | Reached skill level 4 in Invocations
  1229 | D:2      | Reached XP level 4. HP: 10/23 MP: 4/8
  1229 | D:2      | Reached XP level 5. HP: 12/27 MP: 4/9
  1859 | D:1      | Reached skill level 5 in Invocations
  2458 | D:3      | Reached XP level 6. HP: 32/32 MP: 10/10
  2726 | D:3      | Identified the beast talisman of the Evening Star {rPois
                  | Dex+3 Slay+2}
  2807 | D:3      | Identified the +0 robe of the Saviour {rC+ rCorr Int+2}
  3007 | D:3      | Reached skill level 6 in Invocations
  3518 | D:4      | Reached XP level 7. HP: 36/36 MP: 10/12
  4129 | D:5      | Reached skill level 7 in Invocations
  4326 | D:5      | Acquired the ring "Etetytwiss" {Ice rElec Str+2 Slay+2}
  4678 | D:6      | Noticed Jeremiah
  4681 | D:6      | Reached XP level 8. HP: 21/42 MP: 12/14
  4903 | D:6      | Reached skill level 8 in Invocations
  5139 | D:6      | Killed from afar by Jeremiah

Illustrated notes

Levels and vault maps discovered:
D:1:      ldierk_walled_garden_2, layout_basic
D:2:      layout_loops_ring, hangedman_abyss_or_decor_lesser_grid, uniq_sigmund
D:3:      layout_loops_cross, minmay_tree_intersection,
          amcnicky_mini_pool_small, minmay_quadrilaterals
D:4:      layout_rooms, gammafunk_ghost_mausoleum, gup_ossuary_entry_pyramid,
          serial_shops, nicolae_take_the_stairs
D:5:      layout_cave_pods, nicolae_overflow_quartered_altars
D:6:      minmay_klotski, layout_cave_pools, cheibrodos_sewer_entry_drain,
          chequers_serial_rivers_marsh, kennysheep_small_circle,
          uniq_crazy_yiuf_cottage, uniq_pikel, uniq_jeremiah
D:7:      minmay_thinvault, layout_rooms, minmay_temple_entry_gardened_gates,
          nicolae_water_bricks, nrook_mini_backslash, uniq_duvessa,
          uniq_prince_ribbit1
Temple:   bh_familiar_temple

Skill      XL: |  1  2  3  4  5  6  7  8 |
---------------+-------------------------+-----
Dodging        | 5 |  5.0
Invocations    | 4 5 6 7 8 |  8.3
Fighting       | 3 4 |  4.7
Short Blades   | |  3.2

Action                     |  1- 3 |  4- 6 |  7- 9 || total
---------------------------+-------+-------+-------++-------
  Melee: Short sword       |   110 |    81 |       ||   191
         Flail             |       |    60 |    97 ||   157
 Invoke: Heroism           |     1 |     5 |     4 ||    10
  Evoke: Wand              |       |     2 |    24 ||    26
    Use: Scroll            |     3 |       |     1 ||     4
         Potion            |     1 |       |     9 ||    10
   Stab: Sleeping          |     2 |     7 |     1 ||    10
         Distracted        |     1 |     1 |     4 ||     6
 Armour: Robe              |    30 |    24 |    48 ||   102
         Skin              |       |       |     9 ||     9
  Dodge: Dodged            |   120 |   153 |   148 ||   421
   Form: Beast             |       |       |     1 ||     1

Table legend: (Time is in decaauts)
 A = Elapsed time spent in this place.
 B = Non-inter-level travel time spent in this place.
 C = Inter-level travel time spent in this place.
 D = Time resting spent in this place.
 E = Time spent auto-exploring this place.
 F = Levels seen in this place.
 G = Mean time per level.
                   A        B        C        D        E       F      G
               +--------+--------+--------+--------+--------+-----+--------+
         Total |   3815 |   3632 |    183 |     48 |   2209 |   8 |  476.9 |
       Dungeon |   3791 |   3618 |    173 |     48 |   2209 |   7 |  541.6 |
        Temple |     24 |     14 |     10 |      0 |      0 |   1 |   24.0 |
               +--------+--------+--------+--------+--------+-----+--------+

Top non-repeatable levels by time:
     D:5: 879 daAuts
     D:3: 778 daAuts
     D:4: 660 daAuts
     D:2: 601 daAuts
     D:6: 455 daAuts
     D:1: 397 daAuts
  Temple: 24 daAuts
     D:7: 18 daAuts
